 Dungeon Crawl Stone Soup version 0.22.1-1-ga44c0e5 (webtiles) character file.

192 Zebedee the Magician (level 5, -1/25 HPs)
             Began as a Spriggan Conjurer on Sept 23, 2018.
             Slain by a worm (11 damage)
             ... on level 3 of the Dungeon.
             The game lasted 00:15:04 (3603 turns).

Zebedee the Magician (Spriggan Conjurer)            Turns: 3603, Time: 00:15:05

Health: -1/25      AC:  2    Str:  5    XL:     5   Next: 42%
Magic:  0/21       EV: 18    Int: 17    God:
Gold:   69         SH:  5    Dex: 16    Spells: 5/12 levels left

rFire    . . .     SeeInvis +   m - +0 short sword (protect)
rCold    . . .     Gourm    .   p - +0 buckler
rNeg     . . .     Faith    .   a - +0 robe
rPois    .         Spirit   .   (helmet restricted)
rElec    .         Reflect  .   (no cloak)
rCorr    .         Harm     .   (gloves unavailable)
MR       .....                  (boots unavailable)
Stlth    ++........             (no amulet)
HPRegen  0.08/turn              q - ring of magical power
MPRegen  0.17/turn              (no ring)

@: slow
A: very small, unfitting armour, see invisible, herbivore, speed 3, slow
metabolism 2
a: no special abilities


You were on level 3 of the Dungeon.
You were hungry.

You visited 1 branch of the dungeon, and saw 3 of its levels.

You collected 69 gold pieces.

Inventory:

Hand Weapons
 b - a +0 club
 f - a +0 dagger
 l - a +0 hunting sling
 m - a +0 short sword of protection (weapon)
Missiles
 k - 34 stones (quivered)
Armour
 a - a +0 robe (worn)
 p - a +0 buckler (worn)
Jewellery
 q - a ring of magical power (left hand)
Scrolls
 h - 2 scrolls of amnesia
Potions
 e - a potion of ambrosia {unknown}
 i - a potion of flight {unknown}
 j - a potion of berserk rage {unknown}
 n - 2 potions of haste
 o - 2 potions of agility
Comestibles
 c - 3 rations


   Skills:
 * Level 1.4 Fighting
 - Level 0.1 Slings
 + Level 3.3 Dodging
 + Level 3.5 Stealth
 * Level 0.7 Shields
 + Level 4.2 Spellcasting
 + Level 3.9 Conjurations


You had 5 spell levels left.
You knew the following spells:

 Your Spells              Type           Power        Failure   Level  Hunger
a - Magic Dart            Conj           ###.         4%          1    None
b - Searing Ray           Conj           ###...       7%          2    ##.....
c - Iskenderun's Mystic   Conj           ###.....     43%         4    ####...

Your spell library contained the following spells:

 Spells                   Type           Power        Failure   Level  Hunger
 Dazzling Spray           Conj/Hex       ##....       32%         3    ###....
 Force Lance              Conj/Tloc      ##......     71%         4    ####...
 Fulminant Prism          Conj/Hex       ##........   71%         4    ####...


Dungeon Overview and Level Annotations

Branches:
Dungeon (3/15)

Altars:
Dithmenos


Innate Abilities, Weirdness & Mutations

You are very small and have problems with some larger weapons.
You are too small for most types of armour.
You have supernaturally acute eyesight. (SInv)
You are a herbivore.
You cover ground extremely quickly.
You need to consume almost no food.


Message History

Aim: a worm The searing ray hits the bat.
You kill the bat! (Press . to maintain the ray.)
The searing ray hits the worm.
The worm is moderately wounded.
The searing ray hits the worm.
The worm is heavily wounded.
Without enough magic to sustain it, your searing ray dissipates.
The worm misses you.
Casting: Searing Ray (safe; 7% risk of failure)
Confirm with . or Enter, or press ? or * to list all spells.
Aiming: Magic Dart (safe; 4% risk of failure)
Press: ? - help, Shift-Dir - straight line, f/p - worm
Aim: a worm (heavily wounded)
The magic dart hits the worm.
The worm is severely wounded.
Your unstable footing causes you to fumble your attack.
The worm bites you!
You die...

####........o......#
#...................
#...................
#......≈...g........
#..≈.≈≈≈≈≈..........
##≈≈#≈#w####........
#≈≈≈≈≈b≈≈≈#........
#########o###......
#@#wg≈≈wb# ##.....
#w#w#†#### #.....
#≈#b#≈≈≈ #......
#†#o#w##≈# #......
#)#†#≈≈ # #.#.#.#
#†#≈##≈ #.#...#
#≈≈≈# ≈# ..##..#
###≈# ≈# #..##..#
### ....


You could see a worm.

Vanquished Creatures
  A hound (D:3)
  7 adders
  An adder zombie (D:3)
  6 worms
  A dart slug (D:2)
  A leopard gecko (D:1)
  An orc (D:3)
  2 giant cockroaches (D:2)
  6 goblins
  10 hobgoblins
  7 jackals
  2 quokkas
  2 ball pythons
  8 bats
  5 frilled lizards
  5 kobolds
  11 rats
76 creatures vanquished.

Notes
Turn   | Place    | Note
-------+----------+-------------------------------------------
     0 | D:1      | Zebedee the Spriggan Conjurer began the quest for the Orb.
     0 | D:1      | Reached XP level 1. HP: 9/9 MP: 5/5
   380 | D:1      | Reached XP level 2. HP: 13/13 MP: 4/6
   384 | D:1      | Learned a level 2 spell: Searing Ray
   691 | D:1      | Reached skill level 3 in Spellcasting
  1162 | D:2      | Reached XP level 3. HP: 16/16 MP: 6/8
  2106 | D:2      | Reached skill level 1 in Fighting
  2613 | D:2      | Reached XP level 4. HP: 22/22 MP: 2/10
  2769 | D:2      | Learned a level 4 spell: Iskenderun's Mystic Blast
  3080 | D:3      | Reached skill level 4 in Spellcasting
  3260 | D:3      | Found a shadowy altar of Dithmenos.
  3294 | D:3      | Reached XP level 5. HP: 19/25 MP: 3/12
  3603 | D:3      | Slain by a worm

Skill      XL: |  1  2  3  4 |
---------------+-------------+-----
Conjurations   | 3 |  3.9
Spellcasting   | 3 4 |  4.2
Fighting       | 1 |  1.4
Slings         | |  0.1
Dodging        | |  3.3
Stealth        | |  3.5
Shields        | |  0.7

Action                   |  1- 3 |  4- 6 || total
-------------------------+-------+-------++-------
Melee: Short sword       |    10 |    34 ||    44
 Fire: Hunting sling     |     1 |       ||     1
 Cast: Magic Dart        |   117 |    44 ||   161
       Searing Ray       |     4 |     8 ||    12
  Use: Scroll            |       |     5 ||     5
 Stab: Sleeping          |       |     1 ||     1
Armor: Robe              |     4 |    17 ||    21
Dodge: Dodged            |    22 |    83 ||   105
Block: Buckler           |       |    24 ||    24
